 Dungeon Crawl Stone Soup version 0.31.0-11-ge490571c62 (webtiles) character file.

Game seed: 9147270867956853206

28 Gadfly the Trooper (level 3, 29/29 HPs)
             Began as a Demonspawn Monk on Jan 27, 2024.
             Quit the game on level 2 of the Dungeon.
             The game lasted 00:01:41 (955 turns).

Gadfly the Trooper (Demonspawn Monk)                 Turns: 955, Time: 00:01:42

Health: 29/29      AC:  2    Str: 13    XL:     3   Next: 0%
Magic:  3/3        EV: 13    Int: 10    God:
Gold:   44         SH:  0    Dex: 15    Spells: 2/2 levels left

rFire   . .          .
                       - Unarmed
rCold   . . .        c - orb {light}
rNeg    . . .        a - +0 robe
rPois   .            (no helmet)
rElec   .            (no cloak)
rCorr   .            (no gloves)
SInv    .            (no boots)
Will    .....        d - amulet of guardian spirit
Stlth   +            (no ring)
HPRegen 0.24/turn    (no ring)
MPRegen 0.08/turn

%: guardian spirit
@: glowing
A: demonic guardian 1, powered by pain 1
a: no special abilities


You were on level 2 of the Dungeon.
You visited 1 branch of the dungeon, and saw 2 of its levels.

You collected 44 gold pieces.

Inventory:

Armour
 a - a +0 robe (worn)
 c - an orb of light (worn)
Jewellery
 d - an amulet of guardian spirit (around neck)
Scrolls
 e - a scroll of blinking
 f - a scroll of enchant weapon
Potions
 b - a potion of ambrosia


   Skills:
 - Level 3.0 Fighting
 + Level 2.9 Dodging
 + Level 2.8 Unarmed Combat
 * Level 1.3 Evocations
 * Level 1.1 Shapeshifting


You had 2 spell levels left.
You didn't know any spells.
Your spell library was empty.

Dungeon Overview and Level Annotations

Branches:
Dungeon (2/15)

Altars:


Innate Abilities, Weirdness & Mutations

A weak demonic guardian rushes to your aid.
You sometimes gain a little power by taking damage.


Message History

No target in view!
No target in view!
No target in view!
No target in view!
No target in view!
Found 5 stones.
f - a scroll of enchant weapon
Found 7 stones.
No target in view!
An endoplasm comes into view.
The endoplasm quivers.
Found 5 stones.
Found a stone staircase leading down.
The endoplasm barely misses you.
You hit the endoplasm.
You kill the endoplasm!
No target in view!
No target in view!
No target in view!
No target in view!
No target in view!
No target in view!
No target in view!
A dart slug comes into view.
A dart slug is nearby!
A dart slug is nearby!
The dart slug barely misses you.
You hit the dart slug.
The dart slug is heavily wounded.
The dart slug bites you but does no damage.
You hit the dart slug.
The dart slug is almost dead.
You hit the dart slug.
You kill the dart slug!
You have reached level 3!
Your experience leads to an increase in your attributes!
Increase (S)trength, (I)ntelligence, or (D)exterity?
You feel stronger. x2; Your demonic ancestry asserts itself...
You feel energised by your suffering.
Are you sure you want to abandon this character and quit the game? (Confirm with "yes".)

... .. ### ### #... ..#
..##+#.### #.##########
....>....# #.##........
.........# #.#.........
.........# #.#.........
.........# #.#.........
.........# #.#.@.......
.........####.##........
..######................
..# #........#.#####.
..# #........(...# ..#
#............# (.#
#.....(......# ..#
#............#
#............#


There were no monsters in sight!

Vanquished Creatures
  2 dart slugs
  3 endoplasms
  A giant cockroach (D:1)
  2 goblins (D:2)
  2 hobgoblins (D:1)
  A quokka (D:1)
  5 ball pythons
  4 bats
  A kobold (D:1)
  3 rats (D:1)
24 creatures vanquished.

Notes
Turn   | Place    | Note
-------+----------+-------------------------------------------
     0 | D:1      | Gadfly the Demonspawn Monk began the quest for the Orb.
     0 | D:1      | Reached XP level 1. HP: 18/18 MP: 1/1
   410 | D:1      | Gained mutation: A weak demonic guardian rushes to your
                  | aid. [demonic ancestry]
   410 | D:1      | Reached XP level 2. HP: 17/24 MP: 2/2
   512 | D:1      | Reached skill level 1 in Evocations
   757 | D:2      | Reached skill level 1 in Shapeshifting
   955 | D:2      | Gained mutation: You sometimes gain a little power by
                  | taking damage. [demonic ancestry]
   955 | D:2      | Reached XP level 3. HP: 29/29 MP: 3/3
   955 | D:2      | Quit the game

Illustrated notes

Levels and vault maps discovered:
D:1:      tarquinn_simple_flora_water_d, layout_loops_cross, st_stairs_8
D:2:      layout_basic, basic_altar, serial_shops,
          nicolae_shop_bloodbath_and_beyond, grunt_ministairs_1,
          chequers_serial_rivers_small_3, minmay_distorted

Skill      XL: |  1  2 |
---------------+-------+-----
Evocations     | 1 |  1.3
Shapeshifting  | 1 |  1.1
Fighting       | |  3.0
Dodging        | |  2.9
Unarmed Combat | |  2.8

Action                     || total
---------------------------++-------
  Melee: Unarmed           ||    79
    Use: Scroll            ||     4
 Armour: Robe              ||    42
  Dodge: Dodged            ||    53
